AoeStats
← KK

Golden Pit

507094527Analyzed
1v1 RM · 17d ago on Sep 16, 2026· 40m 39s· 2 players
Game mode
Random Map
Map size
Tiny (2 player)
Population
200
Speed
Normal
Resources
Standard
Victory
Conquest
Starting age
Dark Age
Ending age
Imperial Age
RankedLock teamsTeams togetherTeam positionsShared explorationLock speedFull tech treeHidden civsTurbo modeCheats
Victory
Defeat
🇨🇳 Khitans · China
1648
+15
🇨🇱 Spanish · Chile
1621
-15
AiM | PoRRo
7:14 Loom
9:30 Feudal Age
13:23 Castle Age
25:49 Padded Archer Armor
27:51 Husbandry
32:19 Bloodlines
40:50 Fletching
KK
6:19 Loom
8:53 Feudal Age
9:27 Double-Bit Axe
10:27 Domestication
16:22 Forging
21:11 Castle Age
19:50 Gold Mining
20:06 Scale Barding Armor
21:15 Light Cavalry
21:56 Husbandry
22:33 Iron Casting
23:29 Wheelbarrow
23:48 Bow Saw
27:28 Town Watch
29:21 Chain Barding Armor
39:50 Imperial Age
37:37 Hand Cart
37:30 Pastoralism
41:26 Plate Barding Armor
41:01 Ordo Cavalry
Connection lost

Rejoining the realm…

Still unreachable

The connection could not be restored.

Session expired

The server has moved on; the page needs a fresh start.